 Dungeon Crawl Stone Soup version 0.30.1-11-g7821555f0a (webtiles) character file.

Game seed: 9051821078758739123

196 SacredBeard the Chopper (level 5, -4/47 HPs)
             Began as a Hill Orc Fighter on Nov 10, 2023.
             Was an Initiate of Beogh.
             Succumbed to Edmund's poison
             ... on level 4 of the Dungeon.
             The game lasted 00:04:56 (2636 turns).

SacredBeard the Chopper (Hill Orc Fighter)          Turns: 2636, Time: 00:04:57

Health: -4/47      AC: 10    Str: 27    XL:     5   Next: 74%
Magic:  5/5        EV: 13    Int:  8    God:    Beogh [......]
Gold:   138        SH:  4    Dex: 10    Spells: 4/4 levels left

rFire   . . .        a - +0 war axe
rCold   . . .        c - +0 buckler
rNeg    . . .        n - +0 chain mail
rPois   .            (no helmet)
rElec   .            (no cloak)
rCorr   .            (no gloves)
SInv    .            z - +0 pair of boots
Will    .....        (no amulet) Stlth
                     u - +5 ring of evasion
HPRegen 0.27/turn    v - +6 ring of strength
MPRegen 0.09/turn

%: no passive effects
@: mighty, lethally poisoned (-4 -> -23)
A: no striking features
a: Renounce Religion


You were on level 4 of the Dungeon.
You worshipped Beogh.
Beogh was noncommittal.
You visited 1 branch of the dungeon, and saw 4 of its levels.

You collected 138 gold pieces.

Inventory:

Hand Weapons
 a - a +0 war axe (weapon)
 s - a +0 spear
Missiles
 e - 37 stones (quivered)
 r - 2 javelins
Armour
 c - a +0 buckler (worn)
 n - a +0 chain mail (worn)
 z - a +0 pair of boots (worn)
Jewellery
 u - a +5 ring of evasion (left hand)
 v - a +6 ring of strength (right hand)
 x - an amulet of faith
Scrolls
 b - a scroll of summoning {unknown}
 g - a scroll of fear {unknown}
 j - a scroll of magic mapping {unknown}
 k - a scroll of torment {unknown}
 m - 4 scrolls of identify {unknown}
 o - a scroll of teleportation {unknown}
 p - a scroll of fog {unknown}
 t - a scroll of enchant weapon {unknown}
 w - a scroll of silence {unknown}
 y - a scroll of brand weapon {unknown}
Potions
 f - a potion of heal wounds {unknown}
 h - 2 potions of mutation {unknown}
 i - 2 potions of degeneration {unknown}
 l - a potion of flight {unknown}
 q - 2 potions of lignification {unknown}


   Skills:
 + Level 4.3 Fighting
 * Level 4.9 Axes
 + Level 1.5 Throwing
 - Level 4.0 Armour
 - Level 1.0 Dodging
 + Level 3.9 Shields


You had 4 spell levels left.
You didn't know any spells.
Your spell library contained the following spells:

 Spells                   Type           Power      Damage    Failure   Level
 Ensorcelled Hibernation  Hex/Ice        0%         N/A       98%         2
 Lesser Beckoning         Tloc           0%         N/A       98%         2
 Gell's Gravitas          Tloc           0%         N/A       100%        3
 Spider Form              Tmut/Pois      0%         N/A       100%        3
 Teleport Other           Tloc           0%         N/A       100%        3
 Anguish                  Hex/Necr       0%         N/A       100%        4


Dungeon Overview and Level Annotations

Branches:
Dungeon (4/15) Zot: 21318
 Temple: D:4-7

Altars:
Cheibriados
Dithmenos
Kikubaaqudgha
Ru
Trog
Zin
The Shining One

Annotations:
D:3 1 runed translucent door, Crazy Yiuf
D:4 2 transporters, Edmund, Sigmund


Message History

Something hits you.
Edmund hits you with a +2 flail of venom.
You hit Edmund.
Edmund is lightly wounded.
You feel very sick.
Edmund hits you with a +2 flail of venom.
Something hits you but does no damage.
You barely miss Edmund.
Edmund is lightly wounded.
You feel sick. Edmund misses you.
A magic dart appears from out of thin air!
The magic dart hits you.
You hit Edmund.
Edmund is moderately wounded.
You feel sick. Edmund barely misses you. Something hits you but does no damage.
Edmund hits you with a +2 flail of venom.
You are lethally poisoned!
You closely miss Edmund.
Edmund is moderately wounded.
* * * LOW HITPOINT WARNING * * *
You feel very sick. You block Edmund's attack.
Something hits you but does no damage.
You barely miss Edmund.
Edmund is moderately wounded.
* * * LOW HITPOINT WARNING * * *
You feel very sick. You block Edmund's attack.
Something hits you but does no damage.
You slash Edmund!
Edmund is severely wounded.
* * * LOW HITPOINT WARNING * * *
You feel very sick.
Edmund says, "People accused me of being a cutpurse!"
Edmund hits you with a +2 flail of venom.
* * * LOW HITPOINT WARNING * * *
You are more poisoned.
Edmund barely misses you. Something hits you but does no damage.
Unknown command.
You closely miss Edmund.
Edmund is heavily wounded.
You die...

.########.##.### #
#..#)#... #.##...####
#..#.... #.##.#.....
#..#...# #.##.#.....
#..#...# #.##.......
#..#...# #.##.......
#..#...# #.##.#.....
#......# #.#..#.....
#...@.{#..#...##.....
#..#@.....#..###..[..
#..#..##..#..# ##....
#..#..[# .#.## ##.^.
#..#..## #.# ##.#
#..#.## #.# #.#
#..#.. #.# #.#
#..#..#####.# #.#
#..#..#.P...# #.#


You could see Edmund.

Vanquished Creatures
  An ogre (D:3)
  2 adders
  3 gnolls (D:4)
  A dart slug (D:4)
  3 orcs
  4 bats
  6 endoplasms
  A giant cockroach (D:2)
  9 hobgoblins
  2 quokkas (D:3)
  5 ball pythons
  3 frilled lizards
  11 goblins
  2 kobolds
  3 rats (D:1)
56 creatures vanquished.

Vanquished Creatures (others)
  A dart slug (D:3)
  A ball python (D:3)
  6 goblins (D:3)
8 creatures vanquished.

Grand Total: 64 creatures vanquished

Notes
Turn   | Place    | Note
-------+----------+-------------------------------------------
     0 | D:1      | SacredBeard the Hill Orc Fighter began the quest for the
                  | Orb.
     0 | D:1      | Reached XP level 1. HP: 19/19 MP: 1/1
   148 | D:1      | Reached XP level 2. HP: 24/27 MP: 2/2
   148 | D:1      | Found a faded altar of an unknown god.
   813 | D:2      | Found a shadowy altar of Dithmenos.
   845 | D:2      | Reached XP level 3. HP: 33/33 MP: 3/3
  1700 | D:3      | Reached XP level 4. HP: 36/40 MP: 4/4
  1784 | D:3      | Became a worshipper of Beogh the Brigand
  1814 | D:3      | Found a bloodstained altar of Trog.
  1838 | D:3      | Found a snail-covered altar of Cheibriados.
  1912 | D:3      | Noticed an ogre
  1922 | D:3      | Killed an ogre
  1923 | D:3      | Reached skill level 1 in Throwing
  1923 | D:3      | Reached skill level 1 in Dodging
  1923 | D:3      | Reached XP level 5. HP: 46/46 MP: 5/5
  1981 | D:3      | Found a runed translucent door.
  1982 | D:3      | Noticed Crazy Yiuf
  2105 | D:4      | Found an ancient bone altar of Kikubaaqudgha.
  2251 | D:4      | Found a glowing silver altar of Zin.
  2314 | D:4      | Found a transporter.
  2314 | D:4      | Found a transporter.
  2484 | D:4      | Found a glowing golden altar of the Shining One.
  2562 | D:4      | Found a sacrificial altar of Ru.
  2623 | D:4      | Noticed Edmund
  2624 | D:4      | Noticed Sigmund
  2635 | D:4      | HP: 1/47 [Edmund/+2 flail of venom (4)]
  2636 | D:4      | Succumbed to Edmund's poison

Illustrated notes

Levels and vault maps discovered:
D:1:      kennysheep_arrival_forest, layout_loops_cross,
          ebering_ecumenical_altar_petrified
D:2:      layout_basic, basic_altar, nicolae_elevator_lobby_plus
D:3:      layout_rooms, mainiacjoe_overflow_small_starburst,
          lightli_temple_of_fire, minmay_ogre_servants, uniq_crazy_yiuf_cottage
D:4:      layout_rooms, kiku_gazebo_pond_becter, tso_altar, marbit_many_paths,
          zin_scriptorium, gammafunk_ghost_gnarly_gnolls,
          sigmund_edmund_badplayer

Skill      XL: |  1  2  3  4  5 |
---------------+----------------+-----
Axes           | 3 4 |  4.9
Fighting       | 4 |  4.3
Throwing       | 1 |  1.5
Dodging        | 1 |  1.0
Armour         | 4 |  4.0
Shields        | |  3.9

Action                     |  1- 3 |  4- 6 || total
---------------------------+-------+-------++-------
  Melee: War axe           |    83 |    54 ||   137
 Invoke: Convert to Beogh  |       |     1 ||     1
    Use: Potion            |       |     2 ||     2
 Armour: Scale mail        |    11 |       ||    11
         Chain mail        |    33 |    22 ||    55
  Dodge: Dodged            |    27 |    45 ||    72
  Block: Buckler           |    23 |    12 ||    35
